 Dungeon Crawl Stone Soup version 0.27-a0-1065-ge809cff456 (webtiles) character file.

Game seed: 3906156129530749445

193 kae the Ruffian (level 5, 0/41 HPs)
             Began as a Draconian Transmuter on Apr 22, 2021.
             Slain by a river rat (2 damage)
             ... in a sewer.
             The game lasted 00:03:04 (4468 turns).

kae the Ruffian (Draconian Transmuter)              Turns: 4468, Time: 00:03:04

Health: 0/41       AC:  6    Str: 13    XL:     5   Next: 43%
Magic:  6/8        EV: 12    Int: 14    God:
Gold:   81         SH:  0    Dex: 11    Spells: 5/9 levels left

rFire    . . .     SeeInvis .     - Unarmed
rCold    . . .     Faith    .   (no shield)
rNeg     . . .     Spirit   .   (armour unavailable)
rPois    .         Reflect  .   (helmet restricted)
rElec    .         Harm     .   e - +0 cloak
rCorr    .         Rampage  .   (no gloves)
Will     .....                  (no boots)
Stlth    +.........             (no amulet)
HPRegen  0.13/turn              (no ring)
MPRegen  0.11/turn              (no ring)

@: mighty, lethally poisoned (0 -> -11)
A: AC +5, unfitting armour, cold-blooded
a: no special abilities


You were in a sewer.
You visited 1 branch of the dungeon, and saw 3 of its levels.
You also visited: Sewer.

You collected 81 gold pieces.

Inventory:

Armour
 e - a +0 cloak (worn)
Wands
 h - a wand of flame (4)
Scrolls
 a - a scroll of enchant weapon
Potions
 b - 2 potions of might
 c - a potion of haste
 d - 2 potions of heal wounds {unknown}
 f - a potion of lignification {unknown}
 g - a potion of attraction {unknown}
 i - 2 potions of curing {unknown}


   Skills:
 + Level 2.2 Fighting
 + Level 2.3 Dodging
 * Level 4.0 Unarmed Combat
 + Level 2.5 Spellcasting
 * Level 3.3 Transmutations
 * Level 1.6 Poison Magic


You had 5 spell levels left.
You knew the following spells:

 Your Spells              Type           Power      Damage    Failure   Level
a - Beastly Appendage     Tmut           22%        N/A       6%          1
b - Spider Form           Tmut/Pois      4%         N/A       24%         3

Your spell library contained the following spells:

 Spells                   Type           Power      Damage    Failure   Level
 Wereblood                Tmut           11%        N/A       9%          2
 Ice Form                 Ice/Tmut       6%         N/A       75%         4
 Hydra Form               Tmut           5%         N/A       85%         5


Dungeon Overview and Level Annotations

Branches:
Dungeon (3/15)              Sewer (1/1)

Altars:
Okawaru
Zin


Innate Abilities, Weirdness & Mutations

Your plain brown scales are hard. (AC +5)
You cannot fit into any form of body armour.
You are cold-blooded and may be slowed by cold attacks.


Message History

The adder barely misses you. The ball python misses you.
The ball python grabs you. The ball python constricts you.
The river rat bites you! The adder bites you.
You are poisoned.
The adder poisons you! The ball python closely misses you.
The ball python constricts you.
You hit the river rat.
The river rat is poisoned.
The river rat is severely wounded.
You feel sick. The river rat barely misses you.
The river rat completely misses you. The adder bites you.
The ball python completely misses you. The ball python constricts you.
You escape the ball python's grasp.
You feel sick.
You kill the river rat!
You kill the ball python!
The adder bites you.
You feel sick. The adder bites you but does no damage.
The river rat barely misses you.
Things that are here:
17 stones; a river rat corpse You closely miss the adder.
You feel sick. The adder bites you.
You are more poisoned.
The adder poisons you! The river rat closely misses you. The adder misses you.
You hit the adder.
The adder is poisoned.
The adder is moderately wounded.
* * * LOW HITPOINT WARNING * * *
You feel very sick. The river rat bites you.
* * * LOW HITPOINT WARNING * * *
The adder closely misses you.
You closely miss the river rat.
* * * LOW HITPOINT WARNING * * *
You feel sick. The river rat completely misses you. The adder misses you.
It was a potion of might.
You feel very mighty all of a sudden.
Your transformation has ended.
Your +0 cloak unmelds from your body.
* * * LOW HITPOINT WARNING * * *
You feel sick. The adder bites you.
* * * LOW HITPOINT WARNING * * *
You are more poisoned.
The adder poisons you! The river rat bites you.
You die...

.. ..# ...#
....####################
.....#≈≈≈≈≈#≈#≈≈≈≈≈≈≈#.###
#....≈≈≈≈≈÷r.≈≈≈≈≈≈≈≈≈...##
#.....≈≈≈≈÷S@.≈≈≈≈≈≈≈≈....##
#.....≈≈≈≈≈÷[≈≈≈≈≈≈≈≈≈.....#
##...≈≈≈≈≈≈≈≈≈≈≈≈≈≈≈≈≈.....#
###.#≈≈≈≈≈≈.#≈≈≈≈≈≈≈......#
####################....#
####...## #..#....#
#..'....# #####...#


You could see an adder (very poisoned) and a river rat.

Vanquished Creatures
  Robin (D:2)
  6 adders
  3 river rats (Sewer)
  2 worms
  2 dart slugs
  4 endoplasms
  4 giant cockroaches
  17 goblins
  7 hobgoblins
  4 quokkas (D:3)
  10 ball pythons
  2 bats
  A frilled lizard (Sewer)
  4 kobolds
  26 rats
93 creatures vanquished.

Notes
Turn   | Place    | Note
-------+----------+-------------------------------------------
     0 | D:1      | kae the Draconian Transmuter began the quest for the Orb.
     0 | D:1      | Reached XP level 1. HP: 16/16 MP: 3/3
   132 | D:1      | Found a faded altar of an unknown god.
   400 | D:1      | Reached XP level 2. HP: 20/23 MP: 5/5
  1467 | D:2      | Reached XP level 3. HP: 23/28 MP: 4/6
  1631 | D:2      | Learned a level 3 spell: Spider Form
  2248 | D:2      | Reached XP level 4. HP: 34/36 MP: 5/7
  2613 | D:2      | Noticed Robin
  2617 | D:2      | Killed Robin
  3124 | D:3      | Found a glowing silver altar of Zin.
  3199 | D:3      | Found an iron altar of Okawaru.
  3209 | D:3      | Reached skill level 1 in Poison Magic
  3461 | D:3      | Found a glowing drain.
  3481 | Sewer    | Entered a sewer
  3674 | Sewer    | Reached XP level 5. HP: 40/41 MP: 8/8
  3962 | Sewer    | Reached skill level 4 in Unarmed Combat
  4468 | Sewer    | HP: 2/41 [adder (1)]
  4468 | Sewer    | Slain by a river rat

Illustrated notes

Levels and vault maps discovered:
D:1:      minmay_arrival_wavy_path, layout_basic, basic_ecumenical_altar
D:2:      layout_basic, uniq_robin
D:3:      layout_loops_ring, okawaru_gym_becter, old_standard_altar,
          gup_sewer_entry_pipe, chequers_serial_rivers_small_b,
          serial_bayou_pond_e
Sewer:    sewer_minmay_w

Skill      XL: |  1  2  3  4  5 |
---------------+----------------+-----
Dodging        | 2 |  2.3
Transmutations | 3 |  3.3
Poison Magic   | 1 |  1.6
Fighting       | 2 |  2.2
Unarmed Combat | 4 |  4.0
Spellcasting   | |  2.5

Action                   |  1- 3 |  4- 6 || total
-------------------------+-------+-------++-------
Melee: Unarmed           |   128 |   171 ||   299
       Kick              |    13 |     9 ||    22
       Headbutt          |    11 |     8 ||    19
       Tailslap          |    11 |    10 ||    21
       Punch             |     1 |     1 ||     2
 Cast: Beastly Appendage |    23 |    10 ||    33
       Spider Form       |       |     5 ||     5
  Use: Scroll            |     5 |     2 ||     7
       Potion            |       |     1 ||     1
Armor: Skin              |    36 |    62 ||    98
Dodge: Dodged            |    77 |   146 ||   223

Table legend: (Time is in decaauts)
 A = Elapsed time spent in this place.
 B = Non-inter-level travel time spent in this place.
 C = Inter-level travel time spent in this place.
 D = Time resting spent in this place.
 E = Time spent auto-exploring this place.
 F = Levels seen in this place.
 G = Mean time per level.
                   A        B        C        D        E       F      G
               +--------+--------+--------+--------+--------+-----+--------+
         Total |   4501 |   4475 |     26 |    593 |   3252 |   4 | 1125.2 |
       Dungeon |   3478 |   3452 |     26 |    379 |   2641 |   3 | 1159.3 |
         Sewer |   1023 |   1023 |      0 |    214 |    610 |   1 | 1023.0 |
               +--------+--------+--------+--------+--------+-----+--------+

Top non-repeatable levels by time:
     D:2: 1618 daAuts
     D:1: 1448 daAuts
   Sewer: 1023 daAuts
     D:3: 411 daAuts
